 Dungeon Crawl Stone Soup version 0.29.0-4-gdea44cf6ec (webtiles) character file.

Game seed: 3359917732856760931

25 qw the Chopper (level 3, -1/21 HPs)
             Began as a Tengu Warper on Aug 28, 2022.
             Slain by an iguana (8 damage)
             ... on level 4 of the Dungeon.
             The game lasted 00:00:07 (1400 turns).

qw the Chopper (Tengu Warper)                       Turns: 1400, Time: 00:00:08

Health: -1/21      AC:  3    Str: 13    XL:     3   Next: 4%
Magic:  7/7        EV: 12    Int: 13    God:
Gold:   58         SH:  0    Dex: 13    Spells: 6/6 levels left

rFire   . . .      SeeInvis .   Y - +0 hand axe (chaos)
rCold   . . .      Faith    .   (no shield)
rNeg    . . .      Spirit   .   b - +0 leather armour
rPois   .          Reflect  .   (helmet restricted)
rElec   .          Harm     .   (no cloak)
rCorr   .          Rampage  .   (no gloves)
Will    .....                   (boots unavailable)
Stlth   +.........              (no amulet)
HPRegen 0.07/turn               (no ring)
MPRegen 0.10/turn               (no ring)

@: no status effects
A: beak, talons 3
a: no special abilities


You were on level 4 of the Dungeon.
You visited 1 branch of the dungeon, and saw 3 of its levels.

You collected 58 gold pieces.


Innate Abilities, Weirdness & Mutations

You have a beak for a mouth.
You have claws for feet.


   Skills:
 - Level 2.0 Fighting
 + Level 3.8 Axes
 - Level 1.0 Throwing
 - Level 1.1 Armour
 - Level 2.1 Dodging
 - Level 2.0 Spellcasting
 - Level 2.4 Translocations


You had 6 spell levels left.
You didn't know any spells.
Your spell library contained the following spells:

 Spells                   Type           Power      Damage    Failure   Level
 Blink                    Tloc           14%        N/A       19%         2
 Gell's Gravitas          Tloc           7%         N/A       36%         3
 Lesser Beckoning         Tloc           7%         N/A       36%         3
 Teleport Other           Tloc           7%         N/A       36%         3
 Manifold Assault         Tloc           7%         N/A       98%         5

Inventory:

Hand Weapons
 e - a +0 whip
 Y - a +0 hand axe of chaos (weapon)
Missiles
 l - 6 boomerangs (quivered)
Armour
 b - a +0 leather armour (worn)
 h - a +0 ring mail
Scrolls
 a - 3 scrolls of identify {unknown}
 j - a scroll of immolation {unknown}
 k - a scroll of amnesia {unknown}
Potions
 c - a potion of mutation {unknown}
 d - a potion of degeneration {unknown}
 f - a potion of cancellation {unknown}
 g - a potion of heal wounds
 i - a potion of invisibility {unknown}
 m - 2 potions of flight {unknown}
 n - a potion of haste {unknown}
 o - a potion of curing {unknown}

Dungeon Overview and Level Annotations

Branches:
Dungeon (4/15)
 Temple: D:4-7

Altars:

Shops:
D:1 (   D:4 [


Message History

Throw: 6 boomerangs
Press: ? - help, Q - select action Shift-Dir - straight line, f/p - hobgoblin You throw a boomerang.
The boomerang closely misses the hobgoblin.
Throw: 6 boomerangs
Press: ? - help, Q - select action Shift-Dir - straight line, f/p - hobgoblin You throw a boomerang.
The boomerang hits the hobgoblin.
The hobgoblin is heavily wounded.
You closely miss the hobgoblin. Your kick misses the hobgoblin.
The hobgoblin is heavily wounded.
The hobgoblin hits you.
You hit the hobgoblin.
You kill the hobgoblin!
You start resting.
You hear the slow rusting of a very distant drain.
HP restored.
Found a stone staircase leading up.
Enter note:
Enter note: An iguana comes into view.
Found a flail.
The iguana hisses angrily.
You hear a shout!
A water moccasin comes into view.
1395 ||| Stepping ~*~*~tactically~*~*~ (stealth).
Throw: 6 boomerangs
Press: ? - help, Q - select action Shift-Dir - straight line, f - iguana You throw a boomerang.
The boomerang hits the iguana.
The iguana is lightly wounded.
A goblin comes into view. It is wielding a +0 club.
You closely miss the iguana. Your kick misses the iguana.
Your peck misses the iguana.
The iguana is lightly wounded.
The iguana bites you.
You barely miss the iguana.
The iguana is lightly wounded.
The iguana bites you!
You hit the iguana.
You feel better.
You claw the iguana.
The iguana is lightly wounded.
The iguana bites you!
You die...

#.#. . ## #.#.#. .
.......<# #.#.##.##.#
#$#.##.##.#######
...##..#.......#
#.##..........#
#@...#........####
#l##........%.....
..g##..............
...#.##.#.......#....
)..#.#....#.......#....
.S . ..##.........#....
# ##.#.##.....#########
.........# #.##.....#


You could see an iguana and a goblin.

Vanquished Creatures
  A worm (D:2)
  A dart slug (D:1)
  4 endoplasms
  A giant cockroach (D:1)
  2 goblins (D:1)
  3 hobgoblins
  A ball python (D:1)
  A bat (D:1)
  A frilled lizard (D:1)
  2 kobolds (D:1)
  2 rats (D:1)
19 creatures vanquished.

Vanquished Creatures (others)
  A fungus (D:2)
  3 plants
4 creatures vanquished.

Grand Total: 23 creatures vanquished

Notes
Turn   | Place    | Note
-------+----------+-------------------------------------------
     0 | D:1      | qw the Tengu Warper began the quest for the Orb.
     0 | D:1      | Reached XP level 1. HP: 12/12 MP: 4/4
     0 | D:1      | 0 ||| qw: Version: 0.1-a-89-g26bdef1
     0 | D:1      | 0 ||| qw: Game counter: 819
     0 | D:1      | 0 ||| qw: Always use a shield: true
     0 | D:1      | 0 ||| qw: God list: Okawaru
     0 | D:1      | 0 ||| qw: Allow faded altars: false
     0 | D:1      | 0 ||| qw: Do Orc after D:15 true
     0 | D:1      | 0 ||| qw: Do second Lair branch before Depths: true
     0 | D:1      | 0 ||| qw: Lair rune preference: random
     0 | D:1      | 0 ||| qw: Plans: Normal
     0 | D:1      | 0 ||| PLANNING D:1-11
    48 | D:1      | 48 ||| Stepping ~*~*~tactically~*~*~ (water).
    88 | D:1      | 88 ||| Stepping ~*~*~tactically~*~*~ (hiding).
   147 | D:1      | Found Jeacuep's Weapon Shoppe.
   154 | D:1      | 154 ||| Stepping ~*~*~tactically~*~*~ (stealth).
   159 | D:1      | Reached XP level 2. HP: 17/17 MP: 6/6
   164 | D:1      | 164 ||| SHOPLISTING +0 flail of draining (83 gold, have
                  | 12).
   164 | D:1      | 164 ||| SHOPLISTING +0 mace of protection (56 gold, have
                  | 12).
   279 | D:1      | Reached skill level 3 in Axes
  1024 | D:1      | 1024 ||| READING scroll labelled FYHOEF XOLOI.
  1025 | D:1      | 1025 ||| DRINKING 2 fizzy green potions.
  1026 | D:1      | 1026 ||| DROPPING scroll of blinking.
  1080 | D:2      | 1080 ||| Stepping ~*~*~tactically~*~*~ (stealth).
  1081 | D:2      | 1081 ||| Stepping ~*~*~tactically~*~*~ (stealth).
  1086 | D:2      | 1086 ||| Stepping ~*~*~tactically~*~*~ (stealth).
  1099 | D:2      | 1099 ||| Stepping ~*~*~tactically~*~*~ (stealth).
  1258 | D:2      | You fall into a shaft and drop 2 floors!
  1271 | D:4      | 1271 ||| PLANNING SEWER
  1292 | D:4      | Found Dimiefya's Armour Shoppe.
  1300 | D:4      | 1300 ||| SHOPLISTING +0 chain mail (63 gold, have 50).
  1300 | D:4      | 1300 ||| SHOPLISTING +3 leather armour of willpower (336
                  | gold, have 50).
  1323 | D:4      | Reached XP level 3. HP: 21/21 MP: 7/7
  1394 | D:4      | Noticed a water moccasin
  1395 | D:4      | 1395 ||| Stepping ~*~*~tactically~*~*~ (stealth).
  1400 | D:4      | Slain by an iguana

Levels and vault maps discovered:
D:1:      evilmike_arrival_crescent, layout_basic, serial_shops,
          nicolae_shop_bloodbath_and_beyond, chequers_big_river
D:2:      layout_rooms, shapermc_ecumenical_altar_acropolis, serial_forest,
          infiniplex_forest_clump_curved, infiniplex_forest_straight_2,
          infiniplex_forest_lined_3, infiniplex_forest_clump_medium,
          infiniplex_forest_lined_room_2, infiniplex_forest_lined_3
D:4:      layout_basic, chequers_temple_overflow_statue_of_worship,
          minmay_temple_entry_grid, cheibrodos_sewer_entry_bend, serial_shops,
          shop, minmay_diced_spiral, uniq_natasha, uniq_pikel,
          uniq_crazy_yiuf_cottage

Skill      XL: |  1  2 |
---------------+-------+-----
Axes           | 3 |  3.8
Fighting       | |  2.0
Throwing       | |  1.0
Armour         | |  1.1
Dodging        | |  2.1
Spellcasting   | |  2.0
Translocations | |  2.4

Action                   || total
-------------------------++-------
Melee: Hand axe          ||    48
       Kick              ||    12
       Peck              ||     5
Throw: Boomerang         ||    14
  Use: Scroll            ||     1
       Potion            ||     1
Armor: Leather armour    ||    10
Dodge: Dodged            ||    19

Table legend:
 A = Non-vault XP
 B = Vault XP
 C = Vault XP percentage of total XP
 D = Non-vault monster count
 E = Vault monster count
 F = Vault count percentage of total count
                 A         B        C        D         E       F
            +---------+---------+-------+---------+---------+-------
      Total |      36 |       0 |   0.0 |      19 |       0 |   0.0
            +---------+---------+-------+---------+---------+-------
        D:1 |      23 |       0 |   0.0 |      14 |       0 |   0.0
        D:2 |       9 |       0 |   0.0 |       3 |       0 |   0.0
        D:4 |       4 |       0 |   0.0 |       2 |       0 |   0.0
            +---------+---------+-------+---------+---------+-------
